 Dungeon Crawl Stone Soup version 0.20.0-15-g7f486f2 (webtiles) character file.

1148 StormFighter the Frost Mage (level 8, -3/41 HPs)
             Began as a Deep Elf Ice Elementalist on June 17, 2017.
             Was an Initiate of Vehumet.
             Slain by an orc warrior
             ... wielding a +0 great sword
              (26 damage)
             ... on level 6 of the Dungeon.
             The game lasted 00:17:54 (5433 turns).

StormFighter the Frost Mage (DEIE)                  Turns: 5433, Time: 00:17:56

Health: -3/41      AC: 12    Str:  5    XL:     8   Next: 15%
Magic:  13/17      EV: 13    Int: 23    God:    Vehumet [......]
Gold:   185        SH:  0    Dex: 15    Spells: 3/17 levels left

rFire    . . .     SeeInvis .   D - staff of wizardry
rCold    . . .     Gourm    .   (no shield)
rNeg     + . .     Faith    .   a - +0 robe
rPois    .         Spirit   .   (no helmet)
rElec    .         Reflect  .   v - +1 cloak
rCorr    .         Harm     .   (no gloves)
MR       .....                  w - +0 pair of boots
Stlth    ++........             (no amulet)
Regen    0.2/turn               h - ring of wizardry
MPRegen  0.2/turn               r - ring of positive energy

@: icy armour, slow
A: no striking features
a: Renounce Religion


You were on level 6 of the Dungeon.
You worshipped Vehumet.
Vehumet was noncommittal.
You were not hungry.

You visited 2 branches of the dungeon, and saw 7 of its levels.

You collected 185 gold pieces.

Inventory:

Hand Weapons
 m - a +0 blowgun
 t - a +3 quarterstaff of chaos
Missiles
 n - 28 poisoned needles
 x - a throwing net (quivered)
Armour
 a - a +0 robe (worn)
 v - a +1 cloak (worn)
 w - a +0 pair of boots (worn)
Magical Staves
 D - an uncursed staff of wizardry (weapon)
Jewellery
 h - a ring of wizardry (left hand)
 r - a ring of positive energy (right hand)
Scrolls
 d - 3 scrolls of teleportation {unknown}
 e - 4 scrolls of identify {unknown}
 g - 3 scrolls of fear {unknown}
 i - 2 scrolls of remove curse {unknown}
 l - a scroll of recharging {unknown}
 s - a scroll of blinking {unknown}
 u - a scroll of fog {unknown}
 y - a scroll of enchant weapon {unknown}
 A - a scroll of magic mapping {unknown}
Potions
 j - 3 potions of flight {unknown}
 k - a potion of curing {unknown}
 o - a potion of might {unknown}
 p - a potion of cancellation {unknown}
 z - a potion of invisibility
 B - a potion of lignification {unknown}
Books
 b - a book of Frost

   Spells                             Type                      Level
   a - Freeze                         Ice                          1
   b - Throw Frost                    Conjuration/Ice              2
   c - Ozocubu's Armour               Charms/Ice                   3
   d - Throw Icicle                   Conjuration/Ice              4
   e - Summon Ice Beast               Ice/Summoning                4
 C - a book of Debilitation

   Spells                             Type                      Level
   a - Corona                         Hexes                        1
   b - Slow                           Hexes                        2
   c - Inner Flame                    Hexes/Fire                   3
   d - Portal Projectile              Hexes/Translocation          3
   e - Cause Fear                     Hexes                        4
   f - Leda's Liquefaction            Hexes/Earth                  4
 F - a book of Changes

   Spells                             Type                      Level
   a - Beastly Appendage              Transmutation                1
   b - Sticks to Snakes               Transmutation                2
   c - Spider Form                    Transmutation/Poison         3
   d - Ice Form                       Ice/Transmutation            4
   e - Blade Hands                    Transmutation                5
Comestibles
 c - 5 bread rations
 f - a royal jelly
 q - a meat ration
 E - 4 chunks of flesh


   Skills:
 - Level 2.4 Dodging
 - Level 2.4 Stealth
 - Level 5.2 Spellcasting
 + Level 6.1 Conjurations
 + Level 8.5 Ice Magic


You had 3 spell levels left.
You knew the following spells:

 Your Spells              Type           Power        Failure   Level  Hunger
a - Freeze                Ice            ####         1%          1    None
b - Throw Frost           Conj/Ice       #####.       1%          2    None
c - Ozocubu's Armour      Chrm/Ice       ####....     1%          3    ##.....
d - Throw Icicle          Conj/Ice       #####...     1%          4    ####...
e - Summon Ice Beast      Ice/Summ       ####....     4%          4    ####...


Dungeon Overview and Level Annotations

Branches:
Dungeon (6/15)             Temple (1/1) D:4

Altars:
Makhleb
Sif Muna
Vehumet
The Shining One

Shops:
D:5 =   D:6 %

Annotations:
D:6 Blork the orc


Message History

The orc warrior is moderately wounded.
Blork the orc shouts!
Casting: Freeze
Confirm with . or Enter, or press ? or * to list all spells.
Aiming: Freeze
Press: ? - help, Shift-Dir - straight line, f/p - orc warrior
Aim: an orc warrior, wielding a great sword and wearing a plate armour (moderately wounded)
You freeze the orc warrior.
The orc warrior is severely wounded.
The orc warrior hits you with a great sword!
Casting: Freeze
Confirm with . or Enter, or press ? or * to list all spells.
Aiming: Freeze
Press: ? - help, Shift-Dir - straight line, f/p - orc warrior
Aim: an orc warrior, wielding a great sword and wearing a plate armour (severely wounded)
You freeze the orc warrior.
The orc warrior is almost dead.
The orc warrior hits you with a great sword!!
Ouch! That really hurt!
You die...

# ### ..###
..######.......
#.##.@o.o.....
##.##.####..###.
#........)..#)#.
#######..##.###...###.
............####......
#...................
#...##..#######.#.##.
.# #.#..# ...
#..##.##...# # ###


You could see Blork the orc and an orc warrior.

Vanquished Creatures
  2 sky beasts
  An orc warrior (D:6)
  An ogre (D:4)
  A gnoll sergeant (D:6)
  2 howler monkeys
  A crimson imp (D:5)
  Crazy Yiuf (D:3)
  A hound (D:4)
  An orc priest (D:4)
  3 orc wizards
  A bullfrog skeleton (D:4)
  An iguana (D:4)
  A worker ant (D:5)
  3 hound skeletons (D:4)
  13 gnolls
  8 adders
  An ooze (D:5)
  An adder skeleton (D:6)
  2 worms
  7 dart slugs
  2 leopard geckos
  8 orcs
  2 giant cockroaches
  11 goblins
  4 hobgoblins
  11 jackals
  4 quokkas
  5 bats
  3 frilled lizards
  12 kobolds
  A quokka skeleton (D:4)
  11 rats
126 creatures vanquished.

Notes
Turn   | Place    | Note
-------+----------+-------------------------------------------
     0 | D:1      | StormFighter the Deep Elf Ice Elementalist began the quest for the Orb.
     0 | D:1      | Reached XP level 1. HP: 10/10 MP: 6/6
   129 | D:1      | Reached skill level 4 in Ice Magic
   129 | D:1      | Reached XP level 2. HP: 10/15 MP: 2/8
   184 | D:1      | Learned a level 2 spell: Throw Frost
   571 | D:1      | Reached XP level 3. HP: 19/19 MP: 6/9
   580 | D:1      | Learned a level 3 spell: Ozocubu's Armour
   821 | D:2      | Reached skill level 5 in Ice Magic
   935 | D:2      | Found a glowing golden altar of the Shining One.
  1242 | D:2      | Reached XP level 4. HP: 22/24 MP: 1/10
  1781 | D:3      | Reached skill level 6 in Ice Magic
  2121 | D:3      | Noticed a sky beast
  2130 | D:3      | Killed a sky beast
  2130 | D:3      | Reached XP level 5. HP: 19/28 MP: 3/13
  2400 | D:3      | Reached XP level 6. HP: 8/32 MP: 5/15
  2784 | D:3      | Found a runed door.
  3007 | D:3      | Noticed Crazy Yiuf
  3012 | D:3      | Killed Crazy Yiuf
  3204 | D:4      | Reached skill level 5 in Spellcasting
  3359 | D:4      | Learned a level 4 spell: Throw Icicle
  3769 | D:4      | Found a burning altar of Makhleb.
  3769 | D:4      | Noticed a blizzard demon
  3772 | D:4      | Noticed a ynoxinul
  3772 | D:4      | Noticed a smoke demon
  3891 | D:4      | Reached skill level 7 in Ice Magic
  3891 | D:4      | Reached XP level 7. HP: 36/36 MP: 0/16
  4122 | D:4      | Found a staircase to the Ecumenical Temple.
  4149 | Temple   | Entered the Ecumenical Temple
  4153 | Temple   | Became a worshipper of Vehumet
  4507 | D:5      | Entered Level 5 of the Dungeon
  4581 | D:5      | Found Aqypnont's Jewellery Shoppe.
  4592 | D:5      | Learned a level 4 spell: Summon Ice Beast
  4692 | D:5      | Reached skill level 5 in Conjurations
  4819 | D:5      | Reached skill level 8 in Ice Magic
  5219 | D:6      | Found Huyb Tyd's Food Shoppe.
  5263 | D:6      | Reached XP level 8. HP: 38/41 MP: 9/17
  5286 | D:6      | Noticed Blork the orc
  5433 | D:6      | Slain by an orc warrior

Skill      XL: |  1  2  3  4  5  6  7  8 |
---------------+-------------------------+-----
Ice Magic      | 4 5 6 7 8 |  8.5
Spellcasting   | 4 5 |  5.2
Conjurations   | 2 4 5 6 |  6.1
Dodging        | |  2.4
Stealth        | |  2.4

Action                   |  1- 3 |  4- 6 |  7- 9 || total
-------------------------+-------+-------+-------++-------
Melee: Spear             |    14 |     5 |       ||    19
       Quarterstaff      |       |       |     4 ||     4
 Fire: Blowgun           |       |    72 |       ||    72
 Cast: Freeze            |    49 |    88 |    50 ||   187
       Throw Frost       |    23 |    34 |    18 ||    75
       Ozocubu's Armour  |       |     4 |     8 ||    12
       Throw Icicle      |       |     9 |     8 ||    17
 Stab: Sleeping          |     5 |     2 |       ||     7
  Eat: Chunk             |     2 |     9 |     7 ||    18
Armor: Robe              |     5 |    18 |    13 ||    36
Dodge: Dodged            |    25 |    68 |    19 ||   112
